 Dungeon Crawl Stone Soup version 0.30.1-8-g117510f58f (webtiles) character file.

Game seed: 18059654483991053785

12016 Peloso the Carver (level 11, -4/97 HPs)
             Began as a Minotaur Fighter on Sept 23, 2023.
             Was a Priest of Okawaru.
             Slain by a yak (10 damage)
             ... led by a torpor snail
             ... on level 1 of the Lair of Beasts.
             The game lasted 00:23:08 (11464 turns).

Peloso the Carver (Minotaur Fighter)               Turns: 11464, Time: 00:23:08

Health: -4/97      AC: 16    Str: 22    XL:     11   Next: 56%
Magic:  11/11      EV:  8    Int:  5    God:    Okawaru [***...]
Gold:   852        SH: 17    Dex: 13    Spells: 10/10 levels left

rFire   . . .        a - +1 long sword
rCold   . . .        d - +0 kite shield
rNeg    . . .        c - +0 plate armour
rPois   +            (helmet restricted)
rElec   .            (no cloak)
rCorr   .            w - +0 pair of gloves
SInv    .            (no boots)
Will    .....        o - amulet of reflection Stlth
                     u - ring of poison resistance
HPRegen 0.36/turn    E - ring of flight
MPRegen 0.12/turn

%: reflection
@: flying, slowed, very slow
A: horns 2, retaliatory headbutt
a: Renounce Religion, Heroism


You were on level 1 of the Lair of Beasts.
You worshipped Okawaru.
Okawaru was most pleased with you.
You visited 3 branches of the dungeon, and saw 13 of its levels.
You also visited: Sewer.

You collected 852 gold pieces.

Inventory:

Hand Weapons
 a - a +1 long sword (weapon)
Missiles
 r - 4 throwing nets (quivered)
Armour
 b - a +0 scale mail
 c - a +0 plate armour (worn)
 d - a +0 kite shield (worn)
 w - a +0 pair of gloves (worn)
Jewellery
 f - a ring of willpower
 o - an amulet of reflection (around neck)
 q - an amulet of the acrobat
 u - a ring of poison resistance (left hand)
 x - a ring of resist corrosion
 E - a ring of flight (right hand)
 H - a ring of fire
Wands
 A - a wand of paralysis (2)
 B - a wand of digging (3)
 C - a wand of roots (6)
 F - a wand of mindburst (11)
 G - a wand of polymorph (11)
 M - a wand of flame (4)
Scrolls
 g - 2 scrolls of teleportation
 m - 2 scrolls of fog
 p - 2 scrolls of enchant weapon
 s - 4 scrolls of magic mapping
 t - 4 scrolls of identify
 v - a scroll of acquirement
 y - 4 scrolls of poison
 J - a scroll of immolation
 L - a scroll of enchant armour
Potions
 e - 2 potions of brilliance
 h - 2 potions of heal wounds
 i - 8 potions of curing
 j - 3 potions of flight {unknown}
 k - a potion of cancellation {unknown}
 l - 3 potions of magic {unknown}
 n - 6 potions of might
 z - 2 potions of mutation {unknown}
 D - a potion of attraction {unknown}
 I - a potion of berserk rage {unknown}
 K - a potion of haste {unknown}


   Skills:
 + Level 9.2 Fighting
 + Level 12.3 Long Blades
 + Level 10.8 Armour
 + Level 4.5 Dodging
 + Level 1.0 Stealth
 + Level 11.8 Shields
 + Level 2.2 Invocations
 + Level 2.0 Evocations


You had 10 spell levels left.
You didn't know any spells.
Your spell library contained the following spells:

 Spells                   Type           Power      Damage    Failure   Level
 Ensorcelled Hibernation  Hex/Ice        0%         N/A       100%        2
 Ozocubu's Armour         Ice            0%         N/A       100%        3
 Portal Projectile        Hex/Tloc       0%         N/A       100%        3
 Spider Form              Tmut/Pois      0%         N/A       100%        3
 Anguish                  Hex/Necr       0%         N/A       100%        4
 Blade Hands              Tmut           0%         N/A       100%        5
 Fireball                 Conj/Fire      0%         3d3       100%        5
 Iskenderun's Battlesphe  Conj           0%         2d6       100%        5
 Conjure Ball Lightning   Conj/Air       0%         3x3d6     100%        6
 Orb of Destruction       Conj           0%         9d5       100%        7
 Ozocubu's Refrigeration  Ice            0%         4d7       100%        7
 Tukima's Dance           Hex            Unusable   N/A       N/A         3

Dungeon Overview and Level Annotations

Branches:
Dungeon (11/15)            Temple (1/1) D:7            Lair (1/5) D:8
    Orc (0/2) D:9           Sewer (visited)

Altars:
Cheibriados
Dithmenos
Elyvilon
Fedhas
Gozag
Hepliaklqana
Kikubaaqudgha
Makhleb
Nemelex Xobeh
Okawaru
Qazlal
Ru
Sif Muna
Trog
Uskayaw
Vehumet
Wu Jian
Xom
Yredelemnul
Zin
The Shining One
Lugonu

Shops:
D:10 *

Annotations:
D:1 Dig
D:3 Dig
D:5 1 runed translucent door, PotatoSalad1221's ghost, novice KoEn
D:9 3 runed translucent doors, FishyPogo's ghost, novice TrTm


Innate Abilities, Weirdness & Mutations

You have a pair of horns on your head.
You reflexively headbutt those who attack you in melee.


Message History

The yak barely misses you. The yak gores you. You block the yak's attack.
You block the torpor snail's attack. You block the yak's attack.
The yak gores you but does no damage. The yak gores you!
* * * LOW HITPOINT WARNING * * *
You hit the torpor snail but do no damage.
The torpor snail is almost dead.
The torpor snail bites you.
* * * LOW HITPOINT WARNING * * *
You block the yak's attack. The yak gores you but does no damage.
The yak gores you.
* * * LOW HITPOINT WARNING * * *
Okay, then.
You feel much better. The yak gores you. You block the yak's attack.
The yak gores you but does no damage. The torpor snail barely misses you.
You furiously retaliate!
You headbutt the torpor snail. The yak gores you! You block the yak's attack.
The yak gores you.
* * * LOW HITPOINT WARNING * * *
You hit the torpor snail but do no damage.
The torpor snail is almost dead.
The torpor snail bites you.
* * * LOW HITPOINT WARNING * * *
The yak barely misses you. You block the yak's attack. x2
Unknown command.
You hit the torpor snail.
The torpor snail is almost dead.
The yak barely misses you. You furiously retaliate!
You headbutt the yak! The yak barely misses you. You block the yak's attack.
You block the torpor snail's attack.
Unknown command.
You hit the torpor snail but do no damage.
The torpor snail is almost dead.
You block the yak's attack. The yak gores you but does no damage.
The yak gores you.
* * * LOW HITPOINT WARNING * * *
The torpor snail bites you!
* * * LOW HITPOINT WARNING * * *
The yak gores you.
* * * LOW HITPOINT WARNING * * *
The yak gores you!
You die...

### ##
########P###.#
#......<.....##
#.#######[#...###
...#..YYY...#
.......w@.#..#
###.P#.....#
#...........#
#.###[.#.#..# ##
...#....#
.........#
#........## #.$..
...#


You could see a torpor snail and 3 yaks.

Vanquished Creatures
  Gastronok (Lair:1)
  A boulder beetle (D:11)
  4 two-headed ogres
  A gargoyle (D:10)
  A komodo dragon (D:8)
  A kobold demonologist (D:11)
  5 trolls
  A hornet (D:10)
  13 yaks
  A wyvern (D:9)
  A steam dragon (D:9)
  A water moccasin (Sewer)
  5 orc warriors
  An ogre (D:5)
  2 centaurs
  3 bullfrogs
  A gnoll sergeant (D:9)
  3 scorpions
  5 wights
  24 killer bees
  2 howler monkeys (D:8)
  An electric eel (D:9)
  A hound (D:5)
  2 gnoll boudas
  9 orc priests
  A jelly (D:6)
  Crazy Yiuf (D:5)
  2 sleepcaps
  Jessica (D:2)
  Terence (D:2)
  3 iguanas
  11 orc wizards
  17 gnolls
  7 adders
  A river rat (D:6)
  A shadow imp (D:5)
  A white imp (D:8)
  A worm (D:5)
  4 dart slugs
  30 orcs
  6 bats
  5 endoplasms
  5 giant cockroaches
  3 hobgoblins
  12 jackals
  3 kobolds
  4 quokkas
  6 ball pythons
  2 frilled lizards
  6 goblins
  8 rats
232 creatures vanquished.

Vanquished Creatures (others)
  An orc wizard (D:9)
1 creature vanquished.

Grand Total: 233 creatures vanquished

Notes
Turn   | Place    | Note
-------+----------+-------------------------------------------
     0 | D:1      | Peloso the Minotaur Fighter began the quest for the Orb.
     0 | D:1      | Reached XP level 1. HP: 19/19 MP: 0/0
    15 | D:1      | Reached XP level 2. HP: 27/27 MP: 1/1
   491 | D:1      | Reached XP level 3. HP: 33/33 MP: 2/2
   754 | D:2      | Noticed Jessica
   760 | D:2      | Killed Jessica
   761 | D:2      | Reached skill level 3 in Long Blades
   904 | D:2      | Reached XP level 4. HP: 40/40 MP: 3/3
  1044 | D:2      | Noticed Terence
  1054 | D:2      | Killed Terence
  1359 | D:3      | Found a blossoming altar of Fedhas.
  1360 | D:3      | Found an ancient bone altar of Kikubaaqudgha.
  1445 | D:3      | Noticed a centaur
  1513 | D:3      | Reached XP level 5. HP: 47/47 MP: 4/4
  1977 | D:4      | Reached skill level 5 in Armour
  2223 | D:4      | Reached skill level 4 in Long Blades
  2727 | D:5      | Entered Level 5 of the Dungeon
  2795 | D:5      | Found a runed translucent door.
  2796 | D:5      | Noticed Crazy Yiuf
  2805 | D:5      | Killed Crazy Yiuf
  2902 | D:5      | Reached XP level 6. HP: 38/55 MP: 5/5
  3015 | D:5      | Reached skill level 5 in Fighting
  3032 | D:5      | Found a runed translucent door.
  3033 | D:5      | Noticed PotatoSalad1221's ghost (novice KoEn)
  3077 | D:5      | Reached skill level 5 in Long Blades
  3077 | D:5      | Reached skill level 1 in Dodging
  3128 | D:5      | Reached skill level 5 in Shields
  3657 | D:6      | Reached XP level 7. HP: 41/61 MP: 6/6
  3703 | D:6      | Found a glowing drain.
  3720 | Sewer    | Entered a sewer
  3869 | Sewer    | Reached skill level 6 in Long Blades
  4692 | D:7      | Found a staircase to the Ecumenical Temple.
  4704 | Temple   | Entered the Ecumenical Temple
  4763 | Temple   | Became a worshipper of Warmaster Okawaru
  4908 | D:7      | Reached XP level 8. HP: 70/70 MP: 7/7
  4927 | D:7      | Reached skill level 7 in Long Blades
  5458 | D:7      | Reached * piety under Okawaru
  5763 | D:8      | Found a staircase to the Lair.
  5764 | D:8      | Noticed a komodo dragon
  5800 | D:8      | Killed a komodo dragon
  6416 | D:8      | Reached skill level 8 in Long Blades
  6416 | D:8      | Reached XP level 9. HP: 67/76 MP: 8/8
  6507 | D:8      | Found a sacrificial altar of Ru.
  6877 | D:9      | Found a burning altar of Makhleb.
  6882 | D:9      | Found a glowing silver altar of Zin.
  6882 | D:9      | Noticed an angel
  6883 | D:9      | Noticed a cacodemon
  6953 | D:9      | Reached ** piety under Okawaru
  7037 | D:9      | Reached skill level 9 in Long Blades
  7113 | D:9      | Found a runed translucent gate.
  7113 | D:9      | Found a runed translucent gate.
  7115 | D:9      | Found a runed translucent gate.
  7145 | D:9      | Noticed FishyPogo's ghost (novice TrTm)
  7385 | D:9      | Found a staircase to the Orcish Mines.
  7705 | D:9      | Found a shadowy altar of Dithmenos.
  7705 | D:9      | Found a hide-covered altar of Uskayaw.
  7705 | D:9      | Found a hazy altar of Hepliaklqana.
  7709 | D:9      | Found a shimmering altar of Xom.
  7710 | D:9      | Found a sparkling altar of Nemelex Xobeh.
  7712 | D:9      | Found a white marble altar of Elyvilon.
  7712 | D:9      | Found a shimmering blue altar of Sif Muna.
  7713 | D:9      | Found an ornate altar of the Wu Jian Council.
  7715 | D:9      | Found a snail-covered altar of Cheibriados.
  7718 | D:9      | Found a bloodstained altar of Trog.
  7719 | D:9      | Found a stormy altar of Qazlal.
  8044 | D:9      | Noticed a troll
  8054 | D:9      | Killed a troll
  8055 | D:9      | Reached skill level 10 in Long Blades
  8145 | D:9      | Reached skill level 1 in Evocations
  8179 | D:9      | Reached XP level 10. HP: 59/86 MP: 9/9
  8548 | D:10     | Entered Level 10 of the Dungeon
  8966 | D:10     | Reached *** piety under Okawaru
  9113 | D:10     | Identified a scroll of acquirement
  9137 | D:10     | Noticed a gargoyle
  9188 | D:10     | Killed a gargoyle
  9189 | D:10     | Reached skill level 10 in Shields
  9302 | D:10     | Noticed a two-headed ogre
  9316 | D:10     | Killed a two-headed ogre
  9406 | D:10     | Noticed a two-headed ogre
  9416 | D:10     | Killed a two-headed ogre
  9417 | D:10     | Reached skill level 11 in Long Blades
  9417 | D:10     | Reached skill level 1 in Invocations
  9629 | D:10     | Reached **** piety under Okawaru
  9630 | D:10     | Reached XP level 11. HP: 95/95 MP: 8/11
 10054 | D:10     | Found Fueguo's General Store.
 10204 | D:11     | Noticed a boulder beetle
 10226 | D:11     | Noticed a two-headed ogre
 10238 | D:11     | Killed a two-headed ogre
 10245 | D:11     | Killed a boulder beetle
 10246 | D:11     | Reached skill level 10 in Armour
 10246 | D:11     | Reached skill level 1 in Stealth
 10821 | D:11     | Noticed a two-headed ogre
 10833 | D:11     | Killed a two-headed ogre
 11105 | D:11     | Noticed a sixfirhy
 11212 | D:11     | Reached skill level 12 in Long Blades
 11430 | Lair:1   | Entered Level 1 of the Lair of Beasts
 11430 | Lair:1   | Noticed Gastronok
 11444 | Lair:1   | Killed Gastronok
 11464 | Lair:1   | Slain by a yak

Illustrated notes

Levels and vault maps discovered:
D:1:      ldierk_walled_garden, layout_loops_cross, minmay_surrounded
D:2:      layout_rooms, uniq_jessica, uniq_terence
D:3:      layout_rooms, grunt_temple_overflow_growth_and_decay,
          lightli_corner_chamber
D:4:      layout_basic, minmay_puff
D:5:      layout_loops_ring, gammafunk_ghost_grave, uniq_crazy_yiuf_cottage
D:6:      layout_cave_pools, portal_sewer_entry_c
D:7:      layout_cave_pools, temple_green
D:8:      layout_basic, mainiacjoe_overflow_alcove_1, david_lair_shrubbed,
          corner_web_ring, minmay_misc_feat_hallway,
          kennysheep_decorative_pillar
D:9:      layout_long_grid, grunt_temple_overflow_order_and_chaos_2,
          nicolae_overflow_hallway_of_the_gods, minmay_orc_entry_temple_large,
          gammafunk_ghost_icy, minivault_4
D:10:     layout_long_grid, serial_shops, nicolae_shop_real_fake_doors
D:11:     layout_long_grid
Temple:   corrupted_temple
Lair:1:   beast_lair_carwin_large_3, layout_loops_ring, uniq_grum,
          uniq_gastronok, uniq_amaemon

Skill      XL: |  1  2  3  4  5  6  7  8  9 10 11 |
---------------+----------------------------------+-----
Fighting       | 4 5 6 7 8 9 |  9.2
Armour         | 4 5 6 8 9 10 | 10.8
Shields        | 4 5 7 8 11 | 11.8
Long Blades    | 3 4 5 6 8 10 11 12 | 12.3
Dodging        | 1 2 3 4 |  4.5
Evocations     | 1 2 |  2.0
Invocations    | 1 2 |  2.2
Stealth        | 1 |  1.0

Action                     |  1- 3 |  4- 6 |  7- 9 | 10-12 || total
---------------------------+-------+-------+-------+-------++-------
  Melee: Long sword        |    42 |   159 |   397 |   338 ||   936
         Headbutt          |     7 |    35 |    75 |    79 ||   196
 Invoke: Heroism           |       |       |     6 |    14 ||    20
  Evoke: Wand              |       |       |     6 |    14 ||    20
    Use: Scroll            |       |       |    16 |     5 ||    21
         Potion            |       |       |     3 |     2 ||     5
 Armour: Scale mail        |    22 |     3 |       |       ||    25
         Chain mail        |       |    72 |   165 |       ||   237
         Plate armour      |       |       |    32 |   163 ||   195
  Dodge: Dodged            |    26 |    40 |   151 |    94 ||   311
  Block: Buckler           |    11 |    74 |   226 |     5 ||   316
         Reflection        |       |       |     7 |     4 ||    11
         Kite shield       |       |       |       |   309 ||   309
